Map: 10000 Feet LE

Players

SCIInewby - Winner!

  • Race: Protoss Protoss
  • League: Master
  • Spawn Location: 11:00

Bobracz

  • Race: Terran Terran
  • League: Master
  • Spawn Location: 5:00

VOD

Have the link to the VOD?

Description

Time

  • Played on: Feb. 11, 2026, 1:11 p.m.
  • Length: 9:16
Show
View Real Time Build Order
Export as new Build Order

SCIInewby Protoss - Winner!

Build Orders:  

Get SALT Encoding   

  12  0:00  Probe  
  13  0:12  Probe  
  14  0:17  Pylon  
  14  0:26  Probe  
  15  0:35  Probe  
  15  0:36  Gateway  
  16  0:43  Probe  
  17  0:50  Assimilator  
  17  0:53  Probe  
  18  1:01  Pylon  
  18  1:06  Probe  
  19  1:15  Gateway  
  19  1:25  Cybernetics Core  
  19  1:30  Probe  
  20  1:34  Zealot  
  22  1:51  Gateway  
  22  1:54  Probe  
  22  2:00  Warp Gate  
  23  2:02  Zealot  
  23  2:04  Zealot  
  27  2:20  Zealot  
  28  2:41  Zealot  
  30  2:50  Pylon  
  30  3:02  Zealot  
  30  3:08  Zealot  
  32  3:14  Nexus  
  32  3:19  Forge  
  32  3:35  Twilight Council  
  32  3:40  Pylon  
  32  3:45  Probe  
  32  3:49  Assimilator  
  32  3:53  Probe  
  32  3:55  Zealot  
  36  4:03  Probe  
  36  4:04  Stalker  
  39  4:15  Stalker  
  41  4:21  Charge, Stalker  
  43  4:27  Probe x2  
  45  4:41  Photon Cannon  
  45  4:43  Probe  
  45  4:45  Probe  
  47  4:55  Probe  
  48  5:08  Dark Shrine  
  48  5:15  Pylon  
  48  5:18  Pylon  
  48  5:20  Probe x2  
  50  5:26  Zealot  
  52  5:32  Stalker, Probe x2  
  56  5:36  Zealot  
  56  5:44  Probe  
  55  5:51  Stalker  
  55  5:56  Zealot  
  49  5:58  Zealot  
  35  6:15  Zealot  
  35  6:16  Zealot  
  35  6:22  Zealot x2  
  35  6:23  Probe  
  37  6:26  Probe  
  37  6:31  Probe  
  39  6:33  Pylon  
  39  6:35  Photon Cannon  
  39  6:38  Photon Cannon, Probe  
  41  6:42  Dark Templar  
  41  6:43  Dark Templar x2  
  43  7:09  Probe x2, Nexus  
  43  7:13  Assimilator  
  45  7:16  Assimilator  
  45  7:19  Zealot  
  45  7:21  Probe x2  
  49  7:25  Zealot x2  
  53  7:33  Probe  
  54  7:39  Dark Templar  
  56  7:47  Pylon  
  52  7:52  Pylon  
  52  8:00  Stalker  
  52  8:01  Dark Templar  
  56  8:19  Pylon  
  52  8:26  Dark Templar  
  52  8:27  Dark Templar  
  56  8:36  Pylon  
  52  8:45  Probe x3  
  52  8:47  Gateway  
  52  8:48  Gateway  
  55  8:50  Gateway  
  55  8:52  Gateway  
  55  8:54  Gateway  
  55  9:01  Dark Templar x2  
  59  9:03  Zealot  
Show
View Real Time Build Order
Export as new Build Order

Bobracz Terran 

Build Orders:  

Get SALT Encoding   

  12  0:01  SCV  
  13  0:17  Supply Depot  
  13  0:26  SCV  
  14  0:38  SCV  
  14  0:41  Barracks  
  15  0:50  SCV  
  16  1:02  SCV  
  17  1:04  Refinery  
  17  1:09  Refinery  
  17  1:14  SCV  
  18  1:26  SCV  
  18  1:29  Supply Depot  
  19  1:35  Engineering Bay, Marine  
  19  1:38  SCV  
  21  1:53  Marine  
  22  1:57  Barracks  
  22  2:07  SCV  
  23  2:11  Marine  
  24  2:26  Terran Infantry Weapons Level 1  
  24  2:29  Marine  
  25  2:46  Marine  
  25  2:50  Barracks Reactor  
  26  3:04  Marine  
  26  3:12  SCV  
  27  3:22  Marine  
  27  3:24  SCV, Factory  
  27  3:26  Ghost Academy  
  29  3:36  SCV  
  29  3:40  Marine  
  31  3:57  Supply Depot x2  
  31  4:19  Marine x3  
  31  4:20  Terran Infantry Armor Level 1  
  34  4:28  Hellion  
  36  4:36  Marine x3  
  36  4:37  Orbital Command  
  39  4:50  Hellion  
  41  4:54  Marine x3  
  44  5:11  Hellion  
  44  5:12  Marine  
  47  5:22  Supply Depot  
  47  5:26  Supply Depot  
  47  5:31  Supply Depot  
  47  5:40  Marine  
  47  5:43  Marine x2  
  47  5:44  Hellion  
  49  5:58  Marine  
  49  6:01  Marine  
  50  6:05  Hellion  
  45  6:29  Hellion  
  47  6:50  Hellion  
  47  6:53  SCV  
  50  6:59  Command Center  
  50  7:05  SCV  
  50  7:07  Marine  
  50  7:08  Marine x2  
  54  7:11  Hellion  
  56  7:17  SCV  
  56  7:18  Starport  
  57  7:25  Marine x2  
  57  7:26  Marine, Factory  
  54  7:33  Hellion  
  50  7:43  Marine  
  40  7:54  Hellion  
  38  8:09  Marine x3  
  38  8:16  Hellion  
  39  8:26  Marine  
  39  8:27  Marine x2  
  42  8:35  Medivac  
  42  8:44  Marine x3  
  43  9:06  Command Center  
Tags
 
Matchup
PvT
Replay Pack
vannon
Spawn Locations
Cross Positions
Add a new tag
Caveats
  • Supply blocks, unpowered buildings, or Contaminate may cause inaccurate times.
  • Supply counts are checked every 10 seconds.